 Dungeon Crawl Stone Soup version 0.23.2-33-g5129a83184 (webtiles) character file.

Game seed: 2933156307042481611

6582 senseless the Carver (level 10, -12/91 HPs)
             Began as a Minotaur Fighter on July 5, 2019.
             Was a Believer of Qazlal.
             Mangled by bmj180's ghost (24 damage)
             ... on level 9 of the Dungeon.
             The game lasted 00:31:28 (7505 turns).

senseless the Carver (Minotaur Fighter)             Turns: 7505, Time: 00:31:29

Health: -12/91     AC: 12    Str: 25 (28) XL:     10   Next: 71%
Magic:  9/9        EV: 14    Int:  7 (10) God:    Qazlal [**....]
Gold:   517        SH:  2    Dex: 10 (13) Spells: 9/9 levels left

rFire    . . .     SeeInvis .   B - +0 triple sword
rCold    + . .     Gourm    .   (shield currently unavailable)
rNeg     . . .     Faith    .   q - +1 ring mail {rC+}
rPois    .         Spirit   .   (helmet restricted)
rElec    .         Reflect  .   m - +0 cloak
rCorr    .         Harm     .   u - +1 pair of gloves
MR       .....                  (no boots)
Stlth    ..........             n - amulet of regeneration
HPRegen  0.65/turn              r - +4 ring of strength
MPRegen  0.11/turn              w - +3 ring of strength

@: brilliant
A: retaliatory headbutt, horns 2
a: Upheaval, Renounce Religion


You were on level 9 of the Dungeon.
You worshipped Qazlal.
Qazlal was pleased with you.
You were not hungry.

You visited 2 branches of the dungeon, and saw 10 of its levels.

You collected 627 gold pieces.
You spent 110 gold pieces at shops.

Inventory:

Hand Weapons
 a - a +1 long sword
 l - a +3 quarterstaff of chaos
 p - a +2 flail of holy wrath
 A - a +2 dagger of electrocution
 B - a +0 triple sword (weapon)
Armour
 b - a +0 scale mail
 c - a +0 shield
 h - a +0 plate armour
 m - a +0 cloak (worn)
 q - a +1 ring mail of cold resistance (worn)
 u - a +1 pair of gloves (worn)
Jewellery
 n - an amulet of regeneration (around neck)
 r - a +4 ring of strength (left hand)
 s - an uncursed amulet of the acrobat
 w - a +3 ring of strength (right hand)
 F - an uncursed ring of poison resistance {unknown}
Wands
 t - a wand of random effects (44)
Scrolls
 g - 2 scrolls of immolation
 v - a scroll of teleportation
 x - 5 scrolls of amnesia
 y - 2 scrolls of fear
 G - a scroll of holy word {unknown}
 I - 3 scrolls of identify
Potions
 d - 2 potions of might
 e - 2 potions of mutation
 i - 4 potions of curing
 j - a potion of invisibility {unknown}
 o - 2 potions of brilliance
 z - 2 potions of magic {unknown}
 C - 2 potions of degeneration
 D - 2 potions of lignification {unknown}
 E - 2 potions of flight {unknown}
 H - a potion of haste {unknown}
Comestibles
 f - 31 rations
 k - 4 chunks of flesh


   Skills:
 + Level 9.5 Fighting
 * Level 11.1 Long Blades
 + Level 9.5 Armour
 + Level 7.9 Dodging
 - Level 6.8 Shields


You had 9 spell levels left.
You didn't know any spells.
Your spell library was empty.

Dungeon Overview and Level Annotations

Branches:
Dungeon (9/15)             Temple (1/1) D:7
   Lair: D:8-11         Orc: D:9-12

Altars:
Cheibriados
Dithmenos
Fedhas
Kikubaaqudgha
Makhleb
Nemelex Xobeh
Okawaru
Qazlal
Ru
Trog
Uskayaw
Vehumet
Xom
Yredelemnul
The Shining One

Shops:
D:5 *   D:6 (

Annotations:
D:9 bmj180's ghost, novice TrMo


Innate Abilities, Weirdness & Mutations

You reflexively headbutt those who attack you in melee.
You have a pair of horns on your head.


Message History

You are too injured to fight recklessly!
You completely miss bmj180's ghost. Your headbutt misses bmj180's ghost.
Bmj180's ghost is moderately damaged.
You block bmj180's ghost's attack.
You completely miss bmj180's ghost. Your headbutt misses bmj180's ghost.
Bmj180's ghost is moderately damaged.
You block bmj180's ghost's attack.
You completely miss bmj180's ghost.
Bmj180's ghost is moderately damaged.
Bmj180's ghost barely misses you. Bmj180's ghost hits you!!
* * * LOW HITPOINT WARNING * * *
It was a potion of brilliance.
You feel clever all of a sudden. Bmj180's ghost hits you!
* * * LOW HITPOINT WARNING * * *
It was a potion of degeneration.
There was something very wrong with that liquid.
You feel weakened.
You feel dopey.
You feel clumsy. Bmj180's ghost hits you!!
You die...

......†().................##
......###(.................##
......# #...................##
......###....................##
..............................##
......................###......##
.....................## ##......#
.###.................# #.......
.# #..........#.@....## ##.......
.###....###...##W##.<.###........
........# #...#.≈.#..............
........###...#.≈.#..............
..............#.≈.#..............
..............#.≈.#..............
..............#.?$#.÷............
..............#####..............
.................................


You could see bmj180's ghost.

Vanquished Creatures
  A cyclops (D:6)
  Joseph (D:7)
  Grinder (D:4)
  A hippogriff (D:7)
  A wyvern (D:8)
  Eustachio (D:5)
  A hungry ghost (D:8)
  Edmund (D:4)
  6 orc warriors
  A black bear (D:8)
  5 sky beasts
  2 ice beasts (D:9)
  2 phantoms
  4 ogres
  7 centaurs
  3 bullfrogs
  3 scorpions
  6 killer bees (D:7)
  5 howler monkeys
  2 crimson imps
  6 hounds
  Crazy Yiuf (D:2)
  3 jellies
  12 orc wizards
  4 orc priests
  7 iguanas
  3 hell rats (D:7)
  11 worker ants
  A killer bee zombie (D:8)
  A hound skeleton (D:7)
  A howler monkey skeleton (D:6)
  A worker ant zombie (D:6)
  4 gnolls (D:2)
  17 adders
  5 river rats (D:7)
  2 adder zombies
  2 adder skeletons
  5 worms
  6 leopard geckos
  55 orcs
  5 ball pythons
  9 bats
  4 giant cockroaches
  12 goblins
  6 hobgoblins
  4 jackals (D:8)
  9 quokkas
  8 frilled lizards
  6 kobolds
  20 rats
  A fungus (D:2)
285 creatures vanquished.

Notes
Turn   | Place    | Note
-------+----------+-------------------------------------------
     0 | D:1      | senseless the Minotaur Fighter began the quest for the Orb.
     0 | D:1      | Reached XP level 1. HP: 19/19 MP: 0/0
   371 | D:1      | Reached XP level 2. HP: 27/27 MP: 1/1
   928 | D:2      | Reached skill level 1 in Dodging
   963 | D:2      | Reached XP level 3. HP: 27/33 MP: 2/2
   986 | D:2      | Reached skill level 3 in Long Blades
  1178 | D:2      | Reached XP level 4. HP: 22/40 MP: 3/3
  1693 | D:2      | Found a runed translucent door.
  1694 | D:2      | Noticed Crazy Yiuf
  1700 | D:2      | Killed Crazy Yiuf
  1700 | D:2      | Reached XP level 5. HP: 47/47 MP: 4/4
  2249 | D:3      | Found a faded altar of an unknown god.
  2720 | D:4      | Reached skill level 4 in Long Blades
  2720 | D:4      | Reached XP level 6. HP: 28/55 MP: 5/5
  2730 | D:4      | Reached skill level 5 in Fighting
  2732 | D:4      | Reached skill level 5 in Armour
  2732 | D:4      | Reached skill level 5 in Shields
  2819 | D:4      | Noticed Edmund
  2847 | D:4      | Killed Edmund
  2847 | D:4      | Reached XP level 7. HP: 61/61 MP: 6/6
  2862 | D:4      | Noticed Grinder
  2869 | D:4      | Paralysed by Grinder for 3 turns
  2875 | D:4      | Paralysed by Grinder for 3 turns
  2879 | D:4      | Killed Grinder
  2986 | D:4      | Reached skill level 5 in Long Blades
  3201 | D:5      | Entered Level 5 of the Dungeon
  3217 | D:5      | Found Gffil's Goods Gallery.
  3607 | D:5      | Noticed Eustachio
  3622 | D:5      | Killed Eustachio
  3622 | D:5      | Reached XP level 8. HP: 70/70 MP: 7/7
  4144 | D:6      | Reached skill level 6 in Long Blades
  4162 | D:6      | Reached skill level 5 in Dodging
  4262 | D:6      | Found Plog's Weapon Shoppe.
  4268 | D:6      | Bought a +0 triple sword for 110 gold pieces
  4434 | D:6      | Reached skill level 7 in Long Blades
  4566 | D:6      | Reached XP level 9. HP: 79/79 MP: 8/8
  4579 | D:6      | Noticed a cyclops
  4606 | D:6      | Killed a cyclops
  4778 | D:6      | Reached skill level 8 in Long Blades
  5224 | D:7      | Found a sacrificial altar of Ru.
  5274 | D:7      | Found a shadowy altar of Dithmenos.
  5320 | D:7      | Noticed Joseph
  5335 | D:7      | Killed Joseph
  5335 | D:7      | Reached skill level 9 in Long Blades
  5704 | D:7      | Reached XP level 10. HP: 84/90 MP: 9/9
  5910 | D:7      | Found a staircase to the Ecumenical Temple.
  5919 | Temple   | Entered the Ecumenical Temple
  5955 | Temple   | Became a worshipper of Qazlal Stormbringer
  6390 | D:8      | Reached skill level 10 in Long Blades
  6403 | D:8      | Found a shimmering altar of Xom.
  6567 | D:8      | Reached * piety under Qazlal
  7068 | D:9      | Reached skill level 11 in Long Blades
  7164 | D:9      | Found a runed translucent door.
  7248 | D:9      | Noticed bmj180's ghost (novice TrMo)
  7330 | D:9      | Reached ** piety under Qazlal
  7505 | D:9      | Mangled by bmj180's ghost

Skill      XL: |  1  2  3  4  5  6  7  8  9 10 |
---------------+-------------------------------+-----
Dodging        | 1 2 3 4 5 6 7 |  7.9
Fighting       | 4 5 6 7 8 9 |  9.5
Armour         | 4 5 6 7 8 9 |  9.5
Shields        | 4 5 6 |  6.8
Long Blades    | 3 4 5 7 9 11 | 11.1

Action                   |  1- 3 |  4- 6 |  7- 9 | 10-12 || total
-------------------------+-------+-------+-------+-------++-------
Melee: Long sword        |    82 |   174 |   151 |       ||   407
       Headbutt          |    12 |    29 |    85 |    44 ||   170
       Triple sword      |       |       |   109 |   166 ||   275
Throw: Tomahawk          |       |       |       |     2 ||     2
  Use: Scroll            |     1 |     4 |     6 |     1 ||    12
       Potion            |       |     1 |       |     3 ||     4
  Eat: Chunk             |     1 |     5 |    10 |     7 ||    23
Armor: Scale mail        |    35 |    36 |       |       ||    71
       Ring mail         |       |    12 |    71 |    66 ||   149
Dodge: Dodged            |    18 |    52 |   146 |   159 ||   375
Block: Shield            |    47 |   110 |    57 |       ||   214
       Other             |       |       |       |     4 ||     4
       Rpst.: Long sword |     5 |     8 |    18 |       ||    31
       Triple sword      |       |       |    24 |    40 ||    64
